Construct Section Command Post
Selects Air and Sea Battlegroup
Construct Platoon Command Post
Construct Field Infirmary
Selects Commando Section Paradrop
Commando Section Paradrop
6-pounder Anti-tank Gun Team
Construct Company Command Post
Unlock M3 Grant Medium Tanks
Selects Centaur Medium Tank
Unlock Bishop Self-propelled Artillery
Selects Naval Bombardment
Selects Commando LMG Section Paradrop
Bishop Self-propelled Artillery
Selects Anti-tank Rocket Loiter
Commando Section Paradrop